 Dungeon Sprint DCSS version 0.19.5 (webtiles) character file.

435 strmesko the Basher (level 6, -8/66 HPs)
             Began as a Troll Berserker on Mar 19, 2017.
             Was a Believer of Trog.
             Mangled by Sonja
             ... wielding a +2 dagger of distortion
              (22 damage)
             ... in the Dungeon (Sprint I: "Red Sonja").
             The game lasted 00:03:05 (274 turns).

strmesko the Basher (Troll Berserker)                Turns: 274, Time: 00:03:05

Health: -8/66      AC:  5    Str: 28    XL:     6   Next: 68%
Magic:  5/5        EV: 11    Int:  3    God:    Trog [**....]
Gold:   148        SH:  0    Dex:  9    Spells: 0 memorised, 5 levels left

rFire  . . .     SeeInvis .     a - +0 mace
rCold  . . .     Gourm    +     b - +0 animal skin
rNeg   . . .     Faith    .     (no shield)
rPois  .         Spirit   .     (helmet restricted)
rElec  .         Reflect  .     (no cloak)
rCorr  .         Harm     .     (gloves unavailable)
MR     .....     NoTele   +     (boots unavailable)
Stlth  +.........               (no amulet)
                                (no ring)
                                (no ring)

@: lethally poisoned (-8 -> -9), exhausted, slowed, very slow
A: unfitting armour, claws 3, fast metabolism 3, gourmand, regeneration 1,
shaggy fur 1, tough skin 2
a: Berserk, Trog's Hand, Burn Spellbooks, Renounce Religion


You were in the Dungeon.
You worshipped Trog.
Trog was pleased with you.
You were not hungry.

You visited 1 branch You collected 302 gold pieces.
You spent 154 gold pieces at shops.

Inventory:

Hand Weapons
 a - a +0 mace (weapon)
Armour
 b - a +0 animal skin (worn)
Scrolls
 i - a scroll of blinking
 j - a scroll of identify {unknown}
Potions
 d - a potion of curing
 e - a potion of heal wounds
 f - a potion of haste
 g - 2 potions of magic
 h - a potion of berserk rage
Comestibles
 c - 2 bread rations


   Skills:
 + Level 5.5 Fighting
 + Level 11.7 Maces & Flails
 - Level 3.7 Dodging


You had 5 spell levels left.
You didn't know any spells.

Dungeon Overview and Level Annotations

Branches:
Dungeon (1/1)

Altars:
Cheibriados
Dithmenos
Elyvilon
Fedhas
Gozag
Hepliaklqana
Kikubaaqudgha
Nemelex Xobeh
Okawaru
Qazlal
Ru
Sif Muna
Trog
Uskayaw
Vehumet
Yredelemnul
Zin
The Shining One

Shops:
D =

Annotations:
D Sonja


Innate Abilities, Weirdness & Mutations

You are too large for most types of armour.
You have claws for hands.
Your metabolism is lightning-fast.
You like to eat raw meat.
Your natural rate of healing is unusually fast.
You are covered in fur. (AC +1)
You have very tough skin. (AC +2)


Message History

Sonja hits you but does no damage. Space bends around you.
Sonja barely misses you.
You barely miss Sonja.
Sonja is lightly wounded.
You feel sick.
Sonja mumbles some strange words.
Sonja blinks!
There is an open door here.
You feel a strong urge to attack something.
You are no longer berserk.
You are exhausted.
You feel as though you will be slow longer.
You feel sick. Sonja completely misses you. Sonja hits you but does no damage.
Space bends around you.
* * * LOW HITPOINT WARNING * * *
Sonja hits you but does no damage.
Sonja hits you with an uncursed dagger of distortion.
* * * LOW HITPOINT WARNING * * *
Space warps horribly around you!
You die...

################
#<.#..)..#..'..#
#..').#..').#..+
#..#####'#####'#
#..####..#...#.#
#..#__####..##.#
#..#_____##'#..+
#⌠⌠#_.∩...'.K._#
####_..__##_@#+#
#_____###'#
####### #.#
+$§$+ #$.$#
##.## #+#


You could see Sonja.

Vanquished Creatures
  Sigmund (D)
  A yak (D)
  An ogre (D)
  A jelly (D)
  Ijyb (D)
5 creatures vanquished.

Notes
Turn   | Place    | Note
-------+----------+-------------------------------------------
     0 | D        | strmesko the Troll Berserker began the quest for the Orb.
     0 | D        | Reached XP level 1. HP: 22/22 MP: 0/0
     2 | D        | Noticed Ijyb
    13 | D        | Killed Ijyb
    13 | D        | Reached skill level 3 in Maces & Flails
    13 | D        | Reached XP level 2. HP: 25/31 MP: 1/1
    24 | D        | Noticed an ogre
    27 | D        | Killed an ogre
    27 | D        | Reached skill level 7 in Maces & Flails
    27 | D        | Reached XP level 3. HP: 37/37 MP: 2/2
    27 | D        | Reached XP level 4. HP: 46/46 MP: 3/3
    67 | D        | Noticed Sigmund
    73 | D        | Killed Sigmund
    73 | D        | Reached ** piety under Trog
    73 | D        | Reached skill level 10 in Maces & Flails
    73 | D        | Reached XP level 5. HP: 53/53 MP: 4/4
   134 | D        | Found a deep blue altar of Sif Muna.
   136 | D        | Found a radiant altar of Vehumet.
   140 | D        | Reached XP level 6. HP: 25/62 MP: 5/5
   215 | D        | Found Funapopi's Jewellery Emporium.
   215 | D        | Found an ancient bone altar of Kikubaaqudgha.
   215 | D        | Found a hazy altar of Hepliaklqana.
   215 | D        | Found a stormy altar of Qazlal.
   215 | D        | Found a hide-covered altar of Uskayaw.
   215 | D        | Found a blossoming altar of Fedhas.
   215 | D        | Found a bloodstained altar of Trog.
   215 | D        | Found an iron altar of Okawaru.
   215 | D        | Found a basalt altar of Yredelemnul.
   215 | D        | Found a glowing golden altar of the Shining One.
   215 | D        | Found a snail-covered altar of Cheibriados.
   215 | D        | Found a sacrificial altar of Ru.
   215 | D        | Found a glowing silver altar of Zin.
   215 | D        | Found a shadowy altar of Dithmenos.
   215 | D        | Found a white marble altar of Elyvilon.
   215 | D        | Noticed a yak
   216 | D        | Found an opulent altar of Gozag.
   222 | D        | Killed a yak
   222 | D        | Reached skill level 5 in Fighting
   222 | D        | Reached skill level 11 in Maces & Flails
   223 | D        | Found a sparkling altar of Nemelex Xobeh.
   257 | D        | Bought a cursed ring of loudness for 63 gold pieces
   257 | D        | Bought a cursed -3 ring of strength for 28 gold pieces
   257 | D        | Bought a cursed ring of loudness for 63 gold pieces
   266 | D        | Noticed Sonja
   274 | D        | Mangled by Sonja

Skill      XL: |  1  2  3  4  5  6 |
---------------+-------------------+-----
Fighting       | 3 4 5 |  5.5
Maces & Flails | 3 7 10 11 | 11.7
Dodging        | 3 |  3.7

Action                   |  1- 3 |  4- 6 || total
-------------------------+-------+-------++-------
Melee: Mace              |    13 |    15 ||    28
Invok: Berserk           |     1 |     3 ||     4
 Stab: Sleeping          |       |     1 ||     1
  Eat: Chunk             |     1 |     5 ||     6
Armor: Animal skin       |     4 |     4 ||     8
Dodge: Dodged            |     3 |    12 ||    15
